 Dungeon Crawl Stone Soup version 0.29.1-2-gbd0b4ee654 (webtiles) character file.

Game seed: 8051997181729082536

14030 kingsuperguy the Fencer (level 12, -10/104 HPs)
             Began as a Hill Orc Monk on Nov 18, 2022.
             Was a High Priest of Beogh.
             Mangled by an eight-headed hydra (12 damage)
             ... on level 2 of the Lair of Beasts.
             The game lasted 00:35:11 (18463 turns).

kingsuperguy the Fencer (Hill Orc Monk)            Turns: 18463, Time: 00:35:12

Health: -10/104    AC: 16    Str: 25    XL:     12   Next: 12%
Magic:  12/12      EV: 12    Int: 10    God:    Beogh [*****.]
Gold:   629        SH:  0    Dex: 13    Spells: 11/11 levels left

rFire   . . .      SeeInvis .   U - +5 great sword
rCold   . . .      Faith    .   (shield currently unavailable)
rNeg    . . .      Spirit   .   R - +2 scale mail {rPois}
rPois   +          Reflect  .   (no helmet)
rElec   .          Harm     .   q - +0 cloak
rCorr   .          Rampage  .   i - +0 pair of gloves
Will    .....                   V - +2 pair of boots {Fly}
Stlth   +.........              (no amulet)
HPRegen 0.27/turn               n - +6 ring of strength
MPRegen 0.13/turn               (no ring)

@: flying, slowed, very slow
A: walk on water
a: Renounce Religion, Smiting, Recall Orcish Followers, Give Item to Named
Follower


You were on level 2 of the Lair of Beasts.
You worshipped Beogh.
Beogh was extremely pleased with you.
You visited 2 branches of the dungeon, and saw 13 of its levels.
You also visited: Bailey.

You collected 629 gold pieces.

Inventory:

Hand Weapons
 a - a +0 hand axe
 c - a +2 flail of distortion
 j - a +4 great sword
 r - a +1 dagger of protection
 A - a +1 antimagic dagger
 B - a +0 dire flail
 M - a +4 mace
 P - a +2 long sword of freezing
 U - a +5 great sword (weapon)
Missiles
 G - 6 poisoned darts (quivered)
 J - 6 curare-tipped darts
Armour
 b - a +0 robe
 i - a +0 pair of gloves (worn)
 q - a +0 cloak (worn)
 x - a +0 ring mail
 Q - a +0 troll leather armour
 R - a +2 scale mail of poison resistance (worn)
 S - a +0 chain mail of poison resistance
 T - +0 acid dragon scales
 V - a +2 pair of boots of flying (worn)
Jewellery
 n - a +6 ring of strength (left hand)
 O - an amulet of magic regeneration
 X - a +6 ring of dexterity
Wands
 l - a wand of flame (18)
 N - a wand of acid (7)
 Y - a wand of iceblast (6)
Scrolls
 d - a scroll of blinking {unknown}
 g - 2 scrolls of enchant weapon
 h - 5 scrolls of teleportation
 k - 3 scrolls of immolation
 m - a scroll of poison
 o - 4 scrolls of noise
 s - 2 scrolls of butterflies
 y - a scroll of fear
 E - a scroll of magic mapping
 H - 3 scrolls of vulnerability
 L - a scroll of silence {unknown}
Potions
 e - a potion of curing
 p - 5 potions of flight {unknown}
 t - 2 potions of magic {unknown}
 u - 2 potions of brilliance {unknown}
 v - a potion of heal wounds {unknown}
 w - 3 potions of invisibility {unknown}
 z - 2 potions of haste {unknown}
 C - 2 potions of cancellation {unknown}
 D - a potion of might
 F - 3 potions of degeneration {unknown}
 I - a potion of berserk rage {unknown}
 Z - a potion of experience {unknown}
Miscellaneous
 W - a lightning rod (4/4)


   Skills:
 + Level 9.1 Fighting
 * Level 16.4 Long Blades
 - Level 5.0 Axes
 + Level 7.6 Armour
 + Level 4.4 Dodging
 + Level 3.3 Stealth
 + Level 0.5 Invocations


You had 11 spell levels left.
You didn't know any spells.
Your spell library contained the following spells:

 Spells                   Type           Power      Damage    Failure   Level
 Beastly Appendage        Tmut           0%         N/A       63%         1
 Sandblast                Erth           0%         2d4       63%         1
 Passwall                 Tmut/Erth      0%         N/A       77%         2
 Wereblood                Tmut           0%         N/A       77%         2
 Conjure Flame            Conj/Fire      0%         6-21      94%         3
 Dazzling Flash           Conj/Hex       0%         N/A       94%         3
 Ignite Poison            Fire/Tmut/Pois 0%         N/A       94%         3
 Inner Flame              Hex/Fire       0%         N/A       94%         3
 Mephitic Cloud           Conj/Pois/Air  0%         N/A       94%         3
 Spider Form              Tmut/Pois      0%         N/A       94%         3
 Stone Arrow              Conj/Erth      0%         3d7       94%         3
 Cause Fear               Hex            0%         N/A       100%        4
 Iskenderun's Mystic Bla  Conj/Tloc      0%         2d3       100%        4
 Sticky Flame             Conj/Fire      0%         2d3       100%        4
 Freezing Cloud           Conj/Ice/Air   0%         6-21      100%        5
 Dispersal                Tloc           0%         N/A       100%        6
 Starburst                Conj/Fire      0%         6d3       100%        6
 Discord                  Hex            0%         N/A       100%        8
 Disjunction              Tloc           0%         N/A       100%        8


Dungeon Overview and Level Annotations

Branches:
Dungeon (11/15)            Temple (0/1) D:7            Lair (2/5) D:9
 Spider (0/4) Lair:2       Bailey (visited)
  Swamp: Lair:2-3    Shoals: Lair:2-3       Orc: D:9-12

Altars:
Ashenzari
Cheibriados
Dithmenos
Fedhas
Gozag
Hepliaklqana
Nemelex Xobeh
Okawaru
Trog
Wu Jian
Beogh

Annotations:
D:5 3 runed translucent doors, jamestheduck25's ghost, novice TrCK
D:10 Urug
Lair:1 3 runed translucent doors, warriortoast's ghost, journeyman SpEn


Message History

The eight-headed hydra barely misses you.
The torpor snail bites your orc knight!
The dream sheep bites the plant!
Your orc knight hits the torpor snail with a +1 dagger of venom!
The torpor snail is poisoned.
The eight-headed hydra bites you but does no damage. x2
The eight-headed hydra bites you.
The eight-headed hydra bites you but does no damage.
The eight-headed hydra misses you. The eight-headed hydra bites you. x2
The eight-headed hydra completely misses you.
The torpor snail barely misses your orc knight.
Your orc knight roars a battlecry!
Your orc knight goes into a battle-frenzy!
Maggie gestures wildly while chanting.
Maggie attempts to bespell you!
You are mesmerised by Maggie!
The torpor snail misses your orc knight.
As you read the scroll of summoning, it crumbles to dust.
Wisps of shadow whirl around you...
A nearby plant withers and dies.
The eight-headed hydra barely misses you.
The eight-headed hydra bites you but does no damage. x2
The eight-headed hydra bites you.
The eight-headed hydra closely misses you. x2
The eight-headed hydra misses you.
The eight-headed hydra barely misses you.
Your orc knight hits Maggie with a +0 dagger!
You break out of your daze!
Maggie dies!
Beogh accepts your kill.
Your orc knight hits the torpor snail with a +1 dagger of venom!
The torpor snail looks as sick as possible!
The eight-headed hydra bites you!
* * * LOW HITPOINT WARNING * * *
The eight-headed hydra bites you but does no damage. x2
The eight-headed hydra misses you. The eight-headed hydra bites you!
* * * LOW HITPOINT WARNING * * *
The eight-headed hydra bites you!
* * * LOW HITPOINT WARNING * * *
The eight-headed hydra bites you but does no damage.
The eight-headed hydra bites you!
You die...

#P.............
##.............
#...........# ..
#..P........#.P.
##...............
#.............. .
##..#.#....#.#...
#lF...........#
#.@DF.....#.P..
#.o).#..........
#.F#.Y.....:....
#...#............
##..#..o.........
#...Y..w......#.
#..P........#...
#.........#...#.
#....#..#.....


You could see an eight-headed hydra (ally target), a torpor snail (extremely
poisoned, ally target), a dream sheep, 2 friendly orc knights, a friendly
basilisk (summoned) and 3 friendly bullfrogs.

Vanquished Creatures
  2 elephants (Lair:2)
  A black mamba (Lair:1)
  A kobold demonologist (D:10)
  2 cane toads
  A komodo dragon (Lair:1)
  2 trolls
  19 yaks
  A wraith (D:10)
  2 wyverns (D:9)
  3 basilisks (D:9)
  Edmund (D:4)
  2 acid dragons
  6 water moccasins
  2 orc warriors
  2 sky beasts
  An ice beast (D:6)
  5 centaurs
  An ogre (D:5)
  2 phantoms (D:5)
  2 kobold brigands
  6 bullfrogs
  A necrophage (D:6)
  2 gnoll sergeants
  2 scorpions
  7 wights
  7 killer bees
  6 howler monkeys
  4 vampire bats (Bailey)
  6 wolf zombies (Bailey)
  2 orc priests
  5 hounds
  2 jellies
  5 iguanas
  A gnoll bouda (D:4)
  8 orc wizards
  13 gnolls
  8 adders
  A white imp (D:6)
  3 ufetubi
  4 worms
  4 dart slugs
  16 orcs
  7 endoplasms
  4 giant cockroaches
  12 goblins
  11 hobgoblins
  6 jackals
  12 kobolds
  A quokka (D:5)
  2 ball pythons
  4 bats
  2 frilled lizards
  17 orc zombies (Bailey)
  3 rats
252 creatures vanquished.

Vanquished Creatures (collateral kills)
  A hydra (Lair:2)
  4 elephants (Lair:2)
  A black mamba (Lair:1)
  Maggie (Lair:2)
  A cane toad (Lair:1)
  A komodo dragon (Lair:1)
  A rime drake (Lair:1)
  3 dream sheep (Lair:2)
  4 yaks (Lair:1)
  A basilisk (D:9)
  A steam dragon (D:8)
  An acid dragon (D:8)
  2 black bears
  A centaur (D:8)
  3 bullfrogs
  A scorpion (Lair:2)
  A wight (D:8)
  2 vampire bats (Bailey)
  A wolf zombie (Bailey)
  A jelly (D:8)
  2 orc priests (D:8)
  An orc wizard (D:7)
  2 orc zombies (Bailey)
  5 orcs
  3 giant cockroaches (Lair:2)
  A butterfly (Lair:1)
46 creatures vanquished.

Vanquished Creatures (others)
  3 orc warriors
  5 orc priests
  4 orc wizards
  10 orcs
  3 bushes (D:9)
  14 fungi
  36 plants
75 creatures vanquished.

Grand Total: 373 creatures vanquished

Notes
Turn   | Place    | Note
-------+----------+-------------------------------------------
     0 | D:1      | kingsuperguy the Hill Orc Monk began the quest for the Orb.
     0 | D:1      | Reached XP level 1. HP: 19/19 MP: 1/1
   101 | D:1      | Reached XP level 2. HP: 27/27 MP: 2/2
   209 | D:1      | Found a faded altar of an unknown god.
   326 | D:1      | Reached XP level 3. HP: 33/33 MP: 3/3
  1322 | D:2      | Reached skill level 5 in Axes
  1621 | D:2      | Reached XP level 4. HP: 40/40 MP: 4/4
  1885 | D:2      | Reached skill level 1 in Long Blades
  2741 | D:3      | Reached skill level 2 in Long Blades
  3033 | D:3      | Found a roughly hewn altar of Beogh.
  3039 | D:3      | Reached XP level 5. HP: 46/46 MP: 5/5
  3054 | D:3      | Became a worshipper of Beogh the Brigand
  3054 | D:3      | Reached * piety under Beogh
  3054 | D:3      | Reached ** piety under Beogh
  3450 | D:3      | Found an ornate altar of the Wu Jian Council.
  3757 | D:4      | Found a blossoming altar of Fedhas.
  3772 | D:4      | Reached skill level 3 in Long Blades
  3979 | D:4      | Reached XP level 6. HP: 42/55 MP: 6/6
  4294 | D:4      | Noticed Edmund
  4458 | D:4      | Killed Edmund
  4459 | D:4      | Reached skill level 5 in Fighting
  4459 | D:4      | Reached skill level 4 in Long Blades
  4669 | D:4      | Reached skill level 5 in Long Blades
  5264 | D:5      | Entered Level 5 of the Dungeon
  5269 | D:5      | Reached XP level 7. HP: 60/61 MP: 7/7
  5283 | D:5      | Reached skill level 1 in Armour
  5337 | D:5      | Reached skill level 6 in Long Blades
  5769 | D:5      | Reached skill level 7 in Long Blades
  5928 | D:5      | Reached XP level 8. HP: 69/69 MP: 8/8
  5945 | D:5      | Found a runed translucent gate.
  5946 | D:5      | Found a runed translucent gate.
  6117 | D:5      | Found a runed translucent gate.
  6120 | D:5      | Noticed jamestheduck25's ghost (novice TrCK)
  6120 | D:5      | Noticed a kobold demonologist
  6441 | D:5      | Reached skill level 8 in Long Blades
  7465 | D:6      | Reached *** piety under Beogh
  7555 | D:6      | Found an iron altar of Okawaru.
  7622 | D:6      | Reached skill level 9 in Long Blades
  7737 | D:6      | Found a hazy altar of Hepliaklqana.
  7742 | D:6      | Found a shadowy altar of Dithmenos.
  7742 | D:6      | Noticed a shadow
  8974 | D:7      | Reached XP level 9. HP: 25/75 MP: 9/9
  9381 | D:7      | Found a staircase to the Ecumenical Temple.
  9612 | D:7      | Reached skill level 10 in Long Blades
  9644 | D:7      | Found a broken altar of Ashenzari.
  9800 | D:7      | Found a snail-covered altar of Cheibriados.
 10551 | D:8      | Reached **** piety under Beogh
 10931 | D:8      | Reached skill level 11 in Long Blades
 11706 | D:9      | Noticed a troll
 11717 | D:9      | Killed a troll
 11718 | D:9      | Reached XP level 10. HP: 41/86 MP: 10/10
 11939 | D:9      | Reached skill level 12 in Long Blades
 11946 | D:9      | Found an opulent altar of Gozag.
 11987 | D:9      | Reached skill level 5 in Armour
 12069 | D:9      | Found a flagged portal.
 12097 | Bailey   | Entered a bailey
 12364 | Bailey   | Gained Syrus as an ally
 12629 | Bailey   | Your ally Syrus died
 13202 | D:9      | Reached ***** piety under Beogh
 13203 | D:9      | Reached skill level 13 in Long Blades
 13568 | D:9      | Found a staircase to the Lair.
 13966 | D:9      | Found a sparkling altar of Nemelex Xobeh.
 14066 | D:9      | Noticed a red ugly thing
 14069 | D:9      | Noticed a cyan ugly thing
 14070 | D:9      | Noticed a death knight
 14329 | Lair:1   | Entered Level 1 of the Lair of Beasts
 14329 | Lair:1   | Noticed a black mamba
 14354 | D:10     | Entered Level 10 of the Dungeon
 14354 | D:10     | Noticed a kobold demonologist
 14460 | D:10     | Reached skill level 14 in Long Blades
 14460 | D:10     | Reached XP level 11. HP: 71/94 MP: 11/11
 14645 | D:11     | Noticed a two-headed ogre
 14990 | D:10     | Reached skill level 15 in Long Blades
 15242 | D:10     | Gained Orkwin as an ally
 15242 | D:10     | Gained Ugrim as an ally
 15256 | D:10     | Found a bloodstained altar of Trog.
 15464 | D:10     | Noticed Urug
 15469 | D:10     | Your ally Ugrim died
 15472 | D:10     | Your ally Orkwin died
 17482 | Lair:1   | Found a runed translucent gate.
 17482 | Lair:1   | Found a runed translucent gate.
 17482 | Lair:1   | Found a runed translucent gate.
 17483 | Lair:1   | Noticed warriortoast's ghost (journeyman SpEn)
 17903 | Lair:2   | Found a hole to the Spider Nest.
 18060 | Lair:2   | Reached skill level 16 in Long Blades
 18063 | Lair:2   | Reached XP level 12. HP: 56/104 MP: 12/12
 18316 | Lair:2   | Noticed a six-headed hydra
 18322 | Lair:2   | Killed a six-headed hydra
 18449 | Lair:2   | Noticed Maggie
 18454 | Lair:2   | Noticed an eight-headed hydra
 18463 | Lair:2   | Killed Maggie
 18463 | Lair:2   | HP: 2/104 [eight-headed hydra (11)]
 18463 | Lair:2   | Mangled by an eight-headed hydra

Illustrated notes

Levels and vault maps discovered:
D:1:      scummos_arrival_checkerplants, layout_loops_corners,
          hellmonk_ecumenical_altar_leap_of_faith
D:2:      layout_basic
D:3:      layout_basic, pdpol_wu_jian_five_deadly_venoms, kennysheep_orc_chapel
D:4:      layout_gridville, mainiacjoe_overflow_six_doors_small, uniq_edmund
D:5:      layout_basic, gammafunk_ghost_split
D:6:      layout_layer_cave, riverfiend_overflow_shadow_ancestor,
          okawaru_metal_pillars_1_2, hangedman_abyss_or_decor_stabs
D:7:      layout_basic, mainiacjoe_overflow_small_starburst,
          ashenzari_conservatory_becter, temple_pool_b
D:8:      layout_loops_corners, hangedman_abyss_or_decor_jellyfish_corner,
          minmay_checkerbox
D:9:      layout_roguey, mainiacjoe_overflow_chevrons, grunt_gozag_breadcrumbs,
          minmay_lair_entry_grove, enter_bailey_4, minmay_pinched_square
D:10:     layout_loops_ring, mainiacjoe_overflow_alcove_4, uniq_urug
D:11:     layout_cave_pools, erik_orc_4
Lair:1:   layout_cave_pods, ebering_ghost_rock_garden, lemuel_fruit_fields
Lair:2:   layout_long_grid, nicolae_spider_entry_non_spiders, st_stairs_5,
          serial_bayou_shore_b, serial_bayou_shore_a, uniq_maggie

Skill      XL: |  1  2  3  4  5  6  7  8  9 10 11 |
---------------+----------------------------------+-----
Fighting       | 4 5 6 7 9 |  9.1
Axes           | 5 |  5.0
Stealth        | 2 3 |  3.3
Long Blades    | 2 3 5 7 9 11 14 16 | 16.4
Dodging        | 3 4 |  4.4
Armour         | 1 3 4 6 7 |  7.6
Invocations    | |  0.5

Action                   |  1- 3 |  4- 6 |  7- 9 | 10-12 || total
-------------------------+-------+-------+-------+-------++-------
Melee: Hand axe          |   108 |       |       |       ||   108
       Punch             |     2 |       |       |       ||     2
       Great sword       |    14 |   116 |   262 |   378 ||   770
Invok: Convert to Beogh  |       |     1 |       |       ||     1
       Recall Orcish Fol |       |       |       |     2 ||     2
  Use: Potion            |       |     1 |       |       ||     1
       Scroll            |       |       |    10 |     6 ||    16
 Stab: Sleeping          |     8 |     1 |       |     1 ||    10
       Distracted        |       |       |     1 |     2 ||     3
       Confused          |       |       |     1 |     5 ||     6
Armor: Robe              |    45 |    19 |       |       ||    64
       Ring mail         |       |    49 |   115 |       ||   164
       Troll leather arm |       |       |       |    62 ||    62
       Scale mail        |       |       |       |   139 ||   139
Dodge: Dodged            |    78 |    99 |   208 |   304 ||   689
